 Dungeon Crawl Stone Soup version 0.31.0-12-g77e489cdc1 (webtiles) character file.

Game seed: 680733183630418246

1139 Gadfly the Trooper (level 8, -2/83 HPs)
             Began as an Oni Berserker on Feb 21, 2024.
             Was a Priest of Trog.
             Slain by an iguana (8 damage)
             ... on level 5 of the Dungeon.
             The game lasted 00:08:30 (6037 turns).

Gadfly the Trooper (Oni Berserker)                  Turns: 6037, Time: 00:08:31

Health: -2/83      AC: 10    Str: 22    XL:     8   Next: 37%
Magic:  8/8        EV: 10    Int:  8    God:    Trog [***...]
Gold:   260        SH:  0    Dex: 10    Spells: 7/7 levels left

rFire   . . .        a - +1 flail (protect)
rCold   . . .        (no shield)
rNeg    . . .        f - +0 robe {Will+}
rPois   .            (helmet restricted)
rElec   .            (no cloak)
rCorr   .            (gloves unavailable)
SInv    .            (boots unavailable)
Will    +....        (no amulet)
Stlth   +            (no ring)
HPRegen 0.33/turn    (no ring)
MPRegen 0.11/turn

%: no passive effects
@: under a protective aura
A: large, unfitting armour, horns 1, tough skin 1, double potion healing,
drunken brawling
a: Renounce Religion, Berserk, Trog's Hand


You were on level 5 of the Dungeon.
You worshipped Trog.
Trog was most pleased with you.
You visited 2 branches of the dungeon, and saw 6 of its levels.
You also visited: Sewer.

You collected 260 gold pieces.

Inventory:

Hand Weapons
 a - a +1 flail of protection (weapon)
 b - a +1 hand axe of venom
Armour
 f - a +0 robe of willpower (worn)
Wands
 i - a wand of mindburst (7) (quivered)
Scrolls
 g - a scroll of butterflies
 h - 4 scrolls of teleportation
 l - a scroll of fear
 m - a scroll of enchant weapon
 o - 3 scrolls of identify
 p - a scroll of fog
 r - a scroll of vulnerability {unknown}
 s - a scroll of blinking
Potions
 c - 2 potions of might
 d - 3 potions of haste
 e - a potion of lignification
 j - a potion of attraction
 k - a potion of magic
 n - a potion of enlightenment {unknown}
 q - a potion of heal wounds {unknown}


   Skills:
 + Level 6.3 Fighting
 * Level 6.0 Maces & Flails
 * Level 4.4 Armour
 - Level 2.6 Dodging
 * Level 4.0 Evocations


You had 7 spell levels left.
You didn't know any spells.
Your spell library was empty.

Dungeon Overview and Level Annotations

Branches:
Dungeon (5/15)             Temple (1/1) D:5           Sewer (visited)

Altars:
Cheibriados
Dithmenos
Elyvilon
Fedhas
Gozag
Hepliaklqana
Kikubaaqudgha
Makhleb
Nemelex Xobeh
Okawaru
Qazlal
Ru
Sif Muna
Trog
Uskayaw
Vehumet
Wu Jian
Xom
Zin
The Shining One

Annotations:
D:5 3 runed translucent doors, TheBioAlchemist's ghost, novice FoFi


Innate Abilities, Weirdness & Mutations

You are too large for most types of armour.
You have a pair of small horns on your head.
You have tough skin. (AC +1)
You gain doubled healing and magic from potions.
Whenever you drink a healing potion, you attack all around you.


Message History

You see here a +0 spear.
You closely miss the iguana. The iguana misses you.
The gnoll sergeant barely misses you.
You hit the iguana.
The iguana is poisoned.
The iguana is lightly wounded.
The iguana bites you!
The gnoll sergeant hits you from afar with a +0 spear!
You closely miss the iguana.
The iguana is lightly wounded.
The iguana bites you!
The gnoll sergeant hits you from afar with a +0 spear!
You are too injured to fight recklessly!
You are too injured to fight recklessly!
You are too injured to fight recklessly!
You are too injured to fight recklessly!
The gnoll sergeant attacks as it pursues you!
The gnoll sergeant hits you from afar with a +0 spear!
The iguana attacks as it pursues you! The iguana closely misses you.
The gnoll sergeant attacks as it pursues you!
The gnoll sergeant closely misses you.
The gnoll sergeant attacks as it pursues you!
The gnoll sergeant hits you from afar with a +0 spear!
* * * LOW HITPOINT WARNING * * *
The gnoll sergeant attacks as it pursues you!
The gnoll sergeant hits you but does no damage.
The iguana attacks as it pursues you! The iguana bites you.
* * * LOW HITPOINT WARNING * * *
The gnoll sergeant attacks as it pursues you!
The gnoll sergeant hits you from afar with a +0 spear!
* * * LOW HITPOINT WARNING * * *
Your +1 hand axe of venom stops dripping with poison.
Your +1 flail of protection hums with potential!
a - a +1 flail of protection (weapon)
You hit the iguana.
Your weapon exudes an aura of protection.
The iguana is almost dead.
The gnoll sergeant hits you from afar with a +0 spear.
* * * LOW HITPOINT WARNING * * *
The iguana bites you!
You die...

####### ###.l@..###
##..g###...# #...## ###.#
#$..# #.# #...# . #.#########
+#...#..# #.........####
#####.)...## #.............
#..)).........#.........####
#####...)..♣......#.........#


You could see a gnoll sergeant and an iguana (poisoned).

Vanquished Creatures
  Sigmund (D:3)
  A water moccasin (D:5)
  A black bear (D:4)
  A centaur (D:5)
  A kobold brigand (Sewer)
  2 scorpions
  2 howler monkeys
  A bombardier beetle (D:5)
  An orc priest (D:5)
  A hound (D:4)
  An orc wizard (D:5)
  An iguana (D:5)
  5 gnolls
  11 adders
  A river rat (D:4)
  2 ufetubi (D:5)
  5 ribbon worms
  4 dart slugs
  11 orcs
  9 ball pythons
  12 endoplasms
  6 giant cockroaches
  3 goblins
  5 hobgoblins
  2 jackals (D:3)
  3 quokkas (D:2)
  7 bats
  2 frilled lizards
  12 kobolds
  5 rats
119 creatures vanquished.

Notes
Turn   | Place    | Note
-------+----------+-------------------------------------------
     0 | D:1      | Gadfly the Oni Berserker began the quest for the Orb.
     0 | D:1      | Reached XP level 1. HP: 24/24 MP: 1/1
   227 | D:1      | Reached XP level 2. HP: 29/32 MP: 2/2
   399 | D:1      | Reached skill level 1 in Armour
   399 | D:1      | Reached XP level 3. HP: 9/39 MP: 3/3
   626 | D:1      | Reached skill level 1 in Evocations
  1007 | D:2      | You fall into a shaft and drop 1 floor!
  1057 | D:3      | Reached ** piety under Trog
  1144 | D:3      | Noticed Sigmund
  1151 | D:3      | Killed Sigmund
  1152 | D:3      | Reached XP level 4. HP: 49/49 MP: 4/4
  1152 | D:3      | Reached XP level 5. HP: 55/55 MP: 5/5
  1356 | D:3      | Reached XP level 6. HP: 60/65 MP: 6/6
  1719 | D:2      | Reached skill level 5 in Fighting
  3190 | D:4      | Noticed a black bear
  3198 | D:4      | Killed a black bear
  3204 | D:4      | Reached XP level 7. HP: 32/72 MP: 7/7
  3310 | D:4      | Found a glowing drain.
  3368 | Sewer    | Entered a sewer
  3687 | Sewer    | Reached *** piety under Trog
  3688 | Sewer    | Reached skill level 5 in Maces & Flails
  4586 | D:4      | Found a snail-covered altar of Cheibriados.
  4886 | D:5      | Entered Level 5 of the Dungeon
  4914 | D:5      | Found a staircase to the Ecumenical Temple.
  4932 | Temple   | Entered the Ecumenical Temple
  5071 | D:5      | Reached XP level 8. HP: 66/83 MP: 8/8
  5154 | D:5      | Found a runed translucent gate.
  5155 | D:5      | Found a runed translucent gate.
  5157 | D:5      | Found a runed translucent gate.
  5157 | D:5      | Identified the +7 dagger "Hociur" {vamp, rF+ Int+2}
  5157 | D:5      | Identified the +0 leather armour "Jaeluapt" {-Tele rC+++
                  | Int+3 Stlth+}
  5161 | D:5      | Noticed TheBioAlchemist's ghost (novice FoFi)
  6037 | D:5      | Slain by an iguana

Illustrated notes

Levels and vault maps discovered:
D:1:      dpeg_cavernosity, layout_loops_ring
D:2:      layout_basic
D:3:      layout_basic, minmay_misc_feat_room, uniq_sigmund
D:4:      layout_basic, cheibrodos_worm_habitat, gup_sewer_entry_bubbles,
          grunt_ministairs_15
D:5:      layout_rooms, minmay_temple_entry_grid, biasface_ghost_orc_armoury,
          serial_curves, eino_curves_02, eino_curves_04,
          hangedman_decor_peaks_small, grunt_ministairs_6
Temple:   hellmonk_temple_of_storms

Skill      XL: |  1  2  3  4  5  6  7  8 |
---------------+-------------------------+-----
Armour         | 1 2 3 4 |  4.4
Evocations     | 2 3 4 |  4.0
Maces & Flails | 4 5 6 |  6.0
Fighting       | 5 6 |  6.3
Dodging        | |  2.6

Action                     |  1- 3 |  4- 6 |  7- 9 || total
---------------------------+-------+-------+-------++-------
  Melee: Mace              |    45 |       |       ||    45
         Headbutt          |    10 |     8 |    30 ||    48
         Flail             |    31 |    95 |   139 ||   265
         Punch             |       |     1 |     3 ||     4
         Hand axe          |       |       |    16 ||    16
 Invoke: Berserk           |     2 |     1 |       ||     3
    Use: Scroll            |     1 |     6 |     8 ||    15
         Potion            |       |       |     2 ||     2
   Stab: Sleeping          |     1 |       |       ||     1
 Armour: Animal skin       |    43 |       |       ||    43
         Robe              |       |    95 |   124 ||   219
  Dodge: Dodged            |    47 |    68 |    80 ||   195
